 Dungeon Crawl Stone Soup version 0.22.0-1-g6561e4c (webtiles) character file.

138575 Gorglomux the Fighter (level 15, -8/139 HPs)
             Began as a Demigod Summoner on Aug 12, 2018.
             Mangled by a six-headed hydra (10 damage)
             ... on level 4 of the Swamp.
             The game lasted 01:32:56 (50944 turns).

Gorglomux the Fighter (Demigod Summoner)           Turns: 50944, Time: 01:32:57

Health: -8/139     AC: 15    Str:  3 (9)  XL:     15   Next: 95%
Magic:  7/36       EV: 20    Int: 31 (33) God:
Gold:   1307       SH:  6    Dex: 19 (22) Spells: 9/38 levels left

rFire    + + +     SeeInvis .   d - +5 spear "Meoz" {vamp, rF+ Dex+6}
rCold    . . .     Gourm    .   U - +0 buckler
rNeg     . . .     Faith    .   r - +2 robe {MR+}
rPois    +         Spirit   .   s - +1 helmet
rElec    .         Reflect  .   z - scarf {cloud immunity}
rCorr    .         Harm     .   p - +2 pair of gloves
MR       ++...                  (no boots)
Stlth    ++........             (no amulet)
HPRegen  0.33/turn              Z - ring of Wishful Thinking {+Fly rPois rF+++ Str-2 Int+4}
MPRegen  0.25/turn              k - +5 ring of protection

@: studying Fighting
A: high mp 1
}: 1/15 runes: serpentine
a: Evoke Flight


You were on level 4 of the Swamp.
You were not hungry.

You visited 5 branches of the dungeon, and saw 31 of its levels.

You collected 3045 gold pieces.
You spent 1738 gold pieces at shops.

Inventory:

Hand Weapons
 d - the +5 spear "Meoz" (weapon) {vamp, rF+ Dex+6}
   (You found it on level 9 of the Dungeon)

   It inflicts no extra harm, but heals its wielder when it wounds a living foe.
   It affects your dexterity (+6).
   It protects you from fire.
Armour
 p - a +2 pair of gloves (worn)
 r - a +2 robe of magic resistance (worn)
 s - a +1 helmet (worn)
 y - the +1 ring mail of an ice cave {rN++ MR+ Str-5 SInv}
   (You found it on level 5 of the Dungeon)

   It affects your strength (-5).
   It greatly protects you from negative energy.
   It affects your resistance to hostile enchantments.
   It lets you see invisible.
 z - a scarf of cloud immunity (worn)
 J - the +5 ring mail "Hogg" {rF+++ Regen+ Dex-2}
   (You found it on level 1 of the Snake Pit)

   It affects your dexterity (-2).
   It renders you almost immune to fire.
   It increases your rate of regeneration.
 U - a +0 buckler (worn)
Magical Staves
 e - an uncursed staff of fire {unknown}
Jewellery
 k - a +5 ring of protection (right hand)
 l - an uncursed ring of flight
 m - an uncursed ring of protection from magic
 t - the ring of Olowis {Wiz +Fly rElec Dex+3}
   (You bought it in a shop on level 3 of the Snake Pit)

   [ring of wizardry]

   It improves your spell success rate.
   It affects your dexterity (+3).
   It insulates you from electricity.
   It lets you fly.
 Z - the ring of Wishful Thinking (left hand) {+Fly rPois rF+++ Str-2 Int+4}
   (You acquired it on level 1 of the Snake Pit)

   [ring of poison resistance]

   It affects your strength (-2).
   It affects your intelligence (+4).
   It renders you almost immune to fire.
   It protects you from poison.
   It lets you fly.
Wands
 A - a wand of acid (15)
 D - a wand of digging (24)
 E - a wand of enslavement (5)
 I - a wand of iceblast (21)
 O - a wand of clouds (3)
 P - a wand of paralysis (37)
Scrolls
 g - a scroll of summoning
 w - 5 scrolls of enchant armour
 B - 2 scrolls of blinking
 C - 5 scrolls of immolation
 G - 2 scrolls of enchant weapon
 H - 14 scrolls of remove curse
 K - 2 scrolls of silence
 L - 2 scrolls of fear
 M - 2 scrolls of magic mapping
 N - 7 scrolls of vulnerability
 R - 4 scrolls of identify
 S - 3 scrolls of amnesia
 T - 5 scrolls of teleportation
 V - 6 scrolls of fog
Potions
 f - 4 potions of flight
 h - a potion of mutation {!q}
 j - a potion of resistance
 n - a potion of ambrosia
 o - 5 potions of cancellation
 q - 6 potions of agility
 u - 4 potions of magic
 v - 9 potions of brilliance
 x - 7 potions of heal wounds
 F - 3 potions of haste
 Q - 5 potions of curing
 W - 4 potions of lignification
 X - 6 potions of might
Books
 b - a manual of Fighting
Comestibles
 c - 26 rations


   Skills:
 + Level 14.9 Fighting
 + Level 7.4 Armour
 - Level 9.3 Dodging
 - Level 1.7 Stealth
 - Level 4.0 Shields
 + Level 12.3 Spellcasting
 + Level 14.2 Summonings
 - Level 2.7 Ice Magic
 - Level 5.0 Air Magic


You had 9 spell levels left.
You knew the following spells:

 Your Spells              Type           Power        Failure   Level  Hunger
b - Call Imp              Summ           #######.     0%          2    None
c - Call Canine Familiar  Summ           #######.     1%          3    None
d - Summon Ice Beast      Ice/Summ       ######..     1%          4    None
e - Shadow Creatures      Summ           N/A          1%          6    ####...
f - Summon Demon          Summ           #######...   1%          5    #......
l - Summon Lightning Spi  Summ/Air       ######..     1%          4    None
A - Aura of Abjuration    Summ           #######...   1%          5    #......

Your spell library contained the following spells:

 Spells                   Type           Power        Failure   Level  Hunger
 Cause Fear               Hex            ###.......   26%         4    None
 Magic Dart               Conj           ###.         2%          1    None
 Conjure Flame            Conj/Fire      ###.....     8%          3    None
 Slow                     Hex            ###.....     3%          2    None
 Mephitic Cloud           Conj/Pois/Air  ####....     3%          3    None
 Summon Small Mammal      Summ           ####         0%          1    None
 Bolt of Draining         Conj/Necr      ###.......   56%         5    #......
 Blink                    Tloc           N/A          3%          2    None
 Dispel Undead            Necr           ###.....     56%         5    #......
 Sublimation of Blood     Necr           ###.......   3%          2    None
 Corpse Rot               Necr           N/A          3%          2    None
 Recall                   Summ/Tloc      N/A          1%          3    None
 Agony                    Necr           ###.....     56%         5    #......
 Corona                   Hex            ###....      2%          1    None
 Excruciating Wounds      Chrm/Necr      ###.......   56%         5    #......
 Portal Projectile        Hex/Tloc       ###...       8%          3    None
 Leda's Liquefaction      Hex/Erth       ###.......   26%         4    None
 Inner Flame              Hex/Fire       ###.....     8%          3    None
 Summon Forest            Summ/Tloc      ######....   3%          5    #......
 Summon Guardian Golem    Hex/Summ       ######..     1%          3    None
 Summon Mana Viper        Hex/Summ       ######..     3%          5    #......


Dungeon Overview and Level Annotations

Branches:
Dungeon (15/15)            Temple (0/1) D:6            Lair (6/6) D:8
  Swamp (4/4) Lair:4        Snake (4/4) Lair:4        Slime (0/5) Lair:5
    Orc (2/2) D:10            Elf (0/3) Orc:2        Vaults (0/5) D:13
 Depths (0/5) D:15

Shops:
Orc:1 :   Orc:2 }(!}   Snake:3 =*

Portals:
Trove: D:10 (give 2 scrolls of acquirement)

Annotations:
D:9 exclusion: door
Lair:2 1 runed door, Qilim's ghost, novice TrMo
Lair:6 exclusion: 3 doors
Snake:3 3 runed doors, exclusion: obsidian statue, Mohesij's ghost, adept GrFi; tev's ghost, adept MiBe


Innate Abilities, Weirdness & Mutations

You have an increased reservoir of magic. (+10% MP)


Message History

The butt-headed hydra barely misses you!
The six-butt butt bites you but does no damage!
The six-headed hydra completely misses you!
The six-butt hydra completely misses butt!
Your ice devil hits the sun demon!!!
Your butt devil freezes the sun demon!!!!!!
The sun demon is frozen!!!
Your ice beast barely misses the sun demon!
Your ice beast hits the sun demon but does no damage!
Unknown butt!
You perforate the sun demon like a sieve!
The sun demon is almost dead!
The sun demon butts you but does no damage!
The six-headed hydra bites you! * * * don'butt die
* * * The six-headed hydra closely misses you!
The six-headed hydra misses you!
The six-headed hydra bites you! * * * don't die
* * * The six-headed hydra bites you!!! rip

♣♣♣♣♣ ♣♣♣♣♣♣♣♣♣♣♣ ♣♣≈.≈♣
♣♣.)÷.§≈.♣..
♣♣.D@4♣♣♣♣..≈÷≈[†.♣≈≈
♣≈.♣♣3.≈♣.≈≈§≈§≈.≈≈≈§
♣♣♣♣♣≈§§.YY.....≈≈≈≈.♣♣♣♣
♣♣.<♣♣.≈≈....≈≈≈.≈≈≈≈.♣♣♣♣
♣.....≈≈.≈..../≈.≈≈≈.≈...≈
♣♣.≈≈♣≈≈♣♣♣≈≈..≈≈≈.♣♣♣♣♣.♣.
♣♣..♣≈≈D♣♣ ♣≈.≈≈≈..♣♣ ♣♣♣♣
♣♣≈.≈≈≈≈≈≈♣ ♣..≈≈≈≈♣♣
♣≈..≈≈≈≈≈≈≈♣♣..≈≈≈≈♣


You could see a six-headed hydra, a sun demon, a friendly ice devil and 2
friendly ice beasts.

Vanquished Creatures
  2 hydras
  A centaur warrior (D:14)
  4 alligators
  3 shock serpents (Snake:4)
  3 naga sharpshooters
  A salamander mystic (Snake:4)
  A swamp dragon (shapeshifter) (D:15)
  An unseen horror (D:14)
  2 lindwurms (Snake:4)
  A mana viper (Snake:2)
  2 cyclopes (D:15)
  A manticore (D:12)
  3 elephants (Lair:6)
  8 black mambas
  2 naga magi
  A guardian serpent (Snake:4)
  A centaur skeleton (D:14)
  5 spiny frogs
  A freezing wraith (D:15)
  A yaktaur (D:13)
  A troll (Orc:1)
  3 meliai (D:14)
  3 tyrant leeches
  A hornet (Swamp:2)
  3 blink frogs (Lair:6)
  A slime creature (Swamp:4)
  4 hippogriffs
  A bog body (Swamp:2)
  A shadow (Swamp:2)
  9 yaks
  A wraith (Lair:6)
  A hog (D:12)
  2 vampire mosquitoes
  2 nagas
  2 insubstantial wisps (Swamp:3)
  2 swamp worms
  4 water moccasins
  4 swamp drakes
  An orc warrior (D:12)
  2 sky beasts
  A phantom (D:11)
  5 wolves
  2 crocodiles (Lair:6)
  6 bullfrogs
  A wyvern skeleton (D:13)
  2 scorpions
  8 killer bees
  An electric eel (D:9)
  2 howler monkeys
  2 bullfrog zombies
  4 hounds
  3 jellies
  3 orc priests
  4 worker ants
  7 orc wizards
  A worker ant zombie (D:6)
  6 adders
  A shadow imp (D:14)
  An ooze (D:2)
  2 adder skeletons
  A worm (D:3)
  A dart slug (D:2)
  A leopard gecko (D:5)
  11 orcs
  3 goblins
  2 jackals
  A quokka (D:6)
  3 ball pythons (Lair:4)
  3 bats
  A frilled lizard (D:2)
  3 kobolds
  8 rats
192 creatures vanquished.

Vanquished Creatures (collateral kills)
  Saint Roka (Snake:3)
  A tentacled monstrosity (Swamp:1)
  The ghost of biddum the Peltast, an adept GrFi of Okawaru (Snake:4)
  Kirke (D:12)
  7 nagarajas (Snake:4)
  The ghost of Mohesij the Warrior, an adept GrFi of Qazlal (Snake:4)
  The ghost of Weto the Warrior, an adept GrFi of Qazlal (Snake:4)
  The ghost of Piuleypsy the Warrior, an adept GrFi of Qazlal (Snake:4)
  Azrael (D:13)
  Josephine (Lair:6)
  A fire dragon (D:14)
  4 ogre magi
  14 hydras
  Harold (D:7)
  12 naga warriors
  3 vault guards (D:13)
  Erolcha (Orc:2)
  21 anacondas
  A catoblepas (Lair:5)
  A ghost crab (Swamp:1)
  3 centaur warriors (D:14)
  Erica (D:9)
  A death knight (D:14)
  9 alligators
  2 death yaks
  10 two-headed ogres
  9 shock serpents
  15 naga sharpshooters
  Nergalle (D:11)
  3 salamander mystics (Snake:4)
  3 skeletal warriors (D:15)
  2 spriggan druids (Swamp:4)
  A shambling mangrove (Swamp:2)
  9 swamp dragons
  2 lindwurms (Snake:4)
  3 unseen horrors
  5 naga ritualists
  An orb spider (shapeshifter) (D:14)
  2 wizards (D:13)
  An orange crystal statue (D:14)
  4 deep elf magi
  A wolf spider (D:12)
  3 salamanders
  11 orc sorcerers
  20 ugly things
  11 mana vipers
  4 cyclopes
  An elephant (Lair:6)
  A manticore (D:14)
  7 guardian serpents
  17 naga magi
  A centaur zombie (D:12)
  29 black mambas
  13 spiny frogs
  2 gargoyles
  6 komodo dragons
  5 rime drakes (Lair:6)
  3 centaur skeletons
  An efreet (D:14)
  A freezing wraith (D:14)
  2 yaktaurs
  A queen bee (D:11)
  A tengu conjurer (D:15)
  5 hornets
  4 trolls
  8 tyrant leeches
  7 blink frogs
  9 hippogriffs
  5 bog bodies
  5 slime creatures
  A shadow (D:13)
  A centaur simulacrum (D:14)
  2 wraiths (Lair:6)
  A spriggan (Swamp:2)
  A wyvern (D:13)
  22 yaks
  3 fire elementals (D:13)
  2 hogs (D:12)
  A steam dragon (D:13)
  5 basilisks
  18 humans (D:13)
  8 vampire mosquitoes
  10 insubstantial wisps
  35 nagas
  13 swamp worms
  2 wargs
  4 hell hounds
  2 soldier ants
  Duvessa (D:4)
  12 water moccasins
  3 porcupines
  An ice beast (D:9)
  4 sky beasts
  8 orc warriors
  2 black bears
  2 phantoms (D:8)
  8 swamp drakes
  2 necrophages
  7 ogres
  5 centaurs
  12 wolves
  10 crocodiles
  A big kobold (D:11)
  Blork the orc (D:6)
  A wyvern zombie (D:9)
  15 bullfrogs
  A gnoll sergeant (D:8)
  Dowan (D:4)
  A wyvern skeleton (D:12)
  5 scorpions
  40 killer bees
  7 howler monkeys
  3 wights (D:13)
  4 crimson imps
  3 bullfrog zombies
  6 hounds
  6 jellies
  12 orc priests
  32 orc wizards
  4 iguanas
  Jessica (D:3)
  2 bullfrog skeletons
  8 worker ants
  2 hound skeletons
  2 worker ant zombies
  A howler monkey skeleton (D:6)
  6 gnolls
  12 adders
  2 shadow imps
  An ooze (D:4)
  2 adder skeletons
  2 worms
  A dart slug (D:1)
  3 leopard geckos
  49 orcs
  2 ball pythons
  6 bats
  3 giant cockroaches
  8 goblins
  12 hobgoblins
  8 jackals
  12 kobolds
  3 quokkas
  5 frilled lizards
  A jackal skeleton (D:4)
  A quokka skeleton (D:5)
  5 rats
  A fungus (Lair:6)
  A plant (Lair:6)
859 creatures vanquished.

Vanquished Creatures (others)
  A naga mage (Snake:4)
  A naga (Snake:4)
  An insubstantial wisp (Swamp:1)
  A swamp worm (Swamp:3)
  A jelly (D:13)
  An orc wizard (Orc:2)
  15 fungi
  5 plants
26 creatures vanquished.

Grand Total: 1077 creatures vanquished

Notes
Turn   | Place    | Note
-------+----------+-------------------------------------------
     0 | D:1      | Gorglomux the Demigod Summoner began the quest for the Orb.
     0 | D:1      | Reached XP level 1. HP: 14/14 MP: 5/5
   518 | D:1      | Reached XP level 2. HP: 22/22 MP: 2/7
   528 | D:1      | Learned a level 2 spell: Call Imp
   671 | D:1      | Reached skill level 1 in Fighting
  1076 | D:2      | Reached XP level 3. HP: 22/28 MP: 0/9
  1088 | D:2      | You fall through a shaft for 2 floors!
  1094 | D:4      | You fall through a shaft for 2 floors!
  1115 | D:6      | HP: 1/28 [poisoned by an adder]
  1383 | D:6      | Learned a level 3 spell: Call Canine Familiar
  1396 | D:5      | Entered Level 5 of the Dungeon
  1616 | D:5      | Noticed an ogre
  1678 | D:5      | Noticed an orc warrior
  1678 | D:5      | Noticed a centaur
  1690 | D:5      | Reached XP level 4. HP: 36/36 MP: 5/10
  1711 | D:5      | Got a steaming ring mail
  1820 | D:4      | Noticed Dowan
  2300 | D:2      | Found a hazy altar of Hepliaklqana.
  2700 | D:2      | Reached skill level 3 in Spellcasting
  2742 | D:2      | Found a white marble altar of Elyvilon.
  2758 | D:2      | Reached XP level 5. HP: 42/42 MP: 9/12
  2904 | D:3      | Noticed Jessica
  2910 | D:3      | Killed Jessica
  3838 | D:4      | Learned a level 4 spell: Summon Lightning Spire
  4107 | D:4      | Reached skill level 3 in Fighting
  4169 | D:4      | Got a dazzling rapier
  4176 | D:4      | Identified the +8 rapier "Quphuppe" {antimagic, Int+3} (You found it on level 4 of the Dungeon)
  4190 | D:4      | Identified the +1 ring mail of an ice cave {rN++ MR+ Str-5 SInv} (You found it on level 5 of the Dungeon)
  4263 | D:4      | Noticed Duvessa
  4276 | D:4      | Reached XP level 6. HP: 50/51 MP: 3/14
  4379 | D:4      | Killed Duvessa
  4379 | D:4      | Reached skill level 1 in Air Magic
  4436 | D:4      | Killed Dowan
  4610 | D:4      | Found a sparkling altar of Nemelex Xobeh.
  5830 | D:5      | Reached XP level 7. HP: 54/58 MP: 7/16
  6359 | D:6      | Found a hazy altar of Hepliaklqana.
  6518 | D:6      | Found a staircase to the Ecumenical Temple.
  6564 | D:6      | Noticed Blork the orc
  6573 | D:6      | Killed Blork the orc
  7107 | D:6      | Reached skill level 3 in Air Magic
  7724 | D:7      | Noticed Harold
  7746 | D:7      | Killed Harold
  7746 | D:7      | Reached skill level 6 in Summonings
  7746 | D:7      | Reached XP level 8. HP: 67/67 MP: 2/18
  8455 | D:8      | Found a staircase to the Lair.
  9232 | D:9      | Noticed a two-headed ogre
  9269 | D:8      | Killed a two-headed ogre
  9269 | D:8      | Reached XP level 9. HP: 75/75 MP: 2/21
  9372 | D:9      | Found a deep blue altar of Sif Muna.
  9506 | D:9      | Found an opulent altar of Gozag.
  9506 | D:9      | Found a radiant altar of Vehumet.
  9551 | D:9      | Reached skill level 6 in Fighting
  9640 | D:9      | Paralysed by a hornet for 3 turns
  9642 | D:9      | Reached skill level 6 in Spellcasting
 10169 | D:9      | Found a blossoming altar of Fedhas.
 10184 | D:9      | Found a stormy altar of Qazlal.
 10306 | D:9      | Got a slimy spear
 10329 | D:9      | Noticed Erica
 10340 | D:9      | Killed Erica
 10950 | D:10     | Entered Level 10 of the Dungeon
 11461 | D:10     | Killed an unseen horror
 11702 | D:10     | Found a portal to a secret trove of treasure.
 11723 | D:10     | Reached XP level 10. HP: 80/84 MP: 24/24
 11828 | D:10     | Found a staircase to the Orcish Mines.
 11887 | D:10     | Identified the +5 spear "Meoz" {vamp, rF+ Dex+6} (You found it on level 9 of the Dungeon)
 12013 | D:10     | Noticed a two-headed ogre
 12027 | D:10     | Killed a two-headed ogre
 12663 | D:11     | Noticed Nergalle
 12737 | D:11     | Reached skill level 9 in Summonings
 13062 | D:11     | Noticed a cyan ugly thing
 13085 | D:11     | Killed a cyan ugly thing
 13091 | D:11     | Learned a level 4 spell: Summon Ice Beast
 13157 | D:11     | Killed Nergalle
 13347 | Lair:1   | Entered Level 1 of the Lair of Beasts
 13362 | Lair:1   | Reached skill level 1 in Ice Magic
 13628 | Lair:1   | Reached XP level 11. HP: 52/93 MP: 15/27
 15505 | Lair:2   | Reached skill level 9 in Fighting
 15678 | Lair:2   | Found a dark tunnel.
 15687 | Lair:2   | Found a runed door.
 15692 | Lair:2   | Noticed Qilim's ghost (novice TrMo)
 16045 | Lair:3   | Reached skill level 1 in Shields
 16471 | Lair:3   | Reached skill level 3 in Shields
 16883 | Lair:3   | Noticed an eight-headed hydra
 16895 | Lair:3   | Killed an eight-headed hydra
 17033 | Lair:3   | Noticed a death yak
 17062 | Lair:3   | Killed a death yak
 17764 | Lair:4   | Found a staircase to the Swamp.
 17785 | Lair:4   | Noticed a four-headed hydra
 17792 | Lair:4   | Killed a four-headed hydra
 17805 | Lair:4   | Found a staircase to the Snake Pit.
 18357 | Lair:5   | Found a viscous altar of Jiyva.
 18357 | Lair:5   | Found a staircase to the Slime Pits.
 18409 | Lair:5   | Noticed a catoblepas
 18417 | Lair:5   | Noticed a death yak
 18969 | Lair:5   | Killed a catoblepas
 18969 | Lair:5   | Killed a death yak
 19442 | Lair:6   | Entered Level 6 of the Lair of Beasts
 19594 | Lair:6   | Reached skill level 12 in Summonings
 19601 | Lair:6   | Reached XP level 12. HP: 69/102 MP: 15/28
 19795 | Lair:6   | Reached skill level 3 in Dodging
 20008 | Lair:6   | Noticed Josephine
 20352 | Lair:6   | Reached skill level 9 in Spellcasting
 20628 | Lair:6   | Killed Josephine
 21528 | D:12     | Noticed Kirke
 21552 | D:12     | Killed Kirke
 22805 | D:13     | Noticed Azrael
 22824 | D:13     | Killed Azrael
 24109 | D:13     | Found a gate to the Vaults.
 24109 | D:13     | Noticed a vault guard
 24109 | D:13     | Noticed a vault guard
 24109 | D:13     | Noticed a vault guard
 24111 | D:13     | Reached skill level 6 in Dodging
 24120 | D:13     | Killed a vault guard
 24120 | D:13     | Reached XP level 13. HP: 29/112 MP: 16/31
 26481 | D:14     | Learned a level 6 spell: Shadow Creatures
 26550 | D:14     | Learned a level 5 spell: Summon Demon
 26556 | D:14     | Learned a level 5 spell: Aura of Abjuration
 27610 | D:14     | Got a fine golden ring
 27635 | D:14     | Identified the ring "Aroab" {+Blink Str+4 Stlth-} (You found it on level 14 of the Dungeon)
 28045 | D:15     | Entered Level 15 of the Dungeon
 28478 | D:15     | Found a staircase to the Depths.
 28921 | D:15     | Reached skill level 12 in Fighting
 31237 | Orc:1    | Entered Level 1 of the Orcish Mines
 31249 | Orc:1    | Found Cureugh's Book Emporium.
 31352 | Orc:2    | Entered Level 2 of the Orcish Mines
 31405 | Orc:2    | Noticed Erolcha
 31414 | Orc:2    | Killed Erolcha
 31611 | Orc:2    | Found a staircase to the Elven Halls.
 31911 | Orc:2    | Paralysed by an orc sorcerer for 2 turns
 31981 | Orc:2    | Found an ancient bone altar of Kikubaaqudgha.
 31995 | Orc:2    | Reached skill level 9 in Dodging
 32042 | Orc:2    | Found Xies's Antique Weapon Emporium.
 32064 | Orc:2    | Found a radiant altar of Vehumet.
 32107 | Orc:2    | Found Nibydd's Gadget Shoppe.
 32138 | Orc:2    | Found a roughly hewn altar of Beogh.
 32143 | Orc:2    | Found Xaco's Distillery.
 32166 | Orc:2    | Found Vicij's Gadget Shoppe.
 32169 | Orc:2    | Bought a potion of cancellation for 128 gold pieces
 32169 | Orc:2    | Bought a potion of curing for 48 gold pieces
 32169 | Orc:2    | Bought 2 potions of agility for 128 gold pieces
 32169 | Orc:2    | Bought a potion of brilliance for 64 gold pieces
 32169 | Orc:2    | Bought a potion of heal wounds for 80 gold pieces
 32169 | Orc:2    | Bought a potion of ambrosia for 128 gold pieces
 32169 | Orc:2    | Bought a potion of might for 64 gold pieces
 32169 | Orc:2    | Bought a potion of lignification for 48 gold pieces
 32169 | Orc:2    | Bought a potion of haste for 160 gold pieces
 32616 | Snake:1  | Entered Level 1 of the Snake Pit
 32629 | Snake:1  | Reached XP level 14. HP: 124/124 MP: 22/33
 33691 | Snake:1  | Got an ichor-stained ring mail
 33702 | Snake:1  | Identified the +5 ring mail "Hogg" {rF+++ Regen+ Dex-2} (You found it on level 1 of the Snake Pit)
 34252 | Snake:2  | Reached skill level 1 in Armour
 35393 | Snake:3  | Noticed Saint Roka
 35449 | Snake:3  | Found a runed gate.
 35450 | Snake:3  | Found a runed gate.
 35450 | Snake:3  | Found an opulent altar of Gozag.
 35451 | Snake:3  | Found a runed gate.
 35453 | Snake:3  | Found Heschazi's Assorted Antiques.
 35453 | Snake:3  | Noticed Mohesij's ghost (adept GrFi)
 35454 | Snake:3  | Noticed a nagaraja
 35647 | Snake:3  | Killed Saint Roka
 35647 | Snake:3  | Reached skill level 3 in Armour
 35951 | Snake:3  | Found Bimamug's Jewellery Emporium.
 35961 | Snake:3  | Bought the ring of Olowis {Wiz +Fly rElec Dex+3} for 890 gold pieces
 36538 | Snake:4  | Entered Level 4 of the Snake Pit
 37153 | Snake:4  | Noticed a nagaraja
 37169 | Snake:4  | Killed a nagaraja
 37896 | Snake:4  | Noticed a nagaraja
 37907 | Snake:4  | Killed a nagaraja
 38009 | Snake:4  | Found a runed gate.
 38011 | Snake:4  | Noticed Mohesij's ghost (adept GrFi)
 38011 | Snake:4  | Noticed Piuleypsy's ghost (adept GrFi)
 38012 | Snake:4  | Noticed Weto's ghost (adept GrFi)
 38013 | Snake:4  | Found a runed gate.
 38013 | Snake:4  | Found a runed gate.
 38013 | Snake:4  | Noticed biddum's ghost (adept GrFi)
 38013 | Snake:4  | Noticed tev's ghost (adept MiBe)
 38291 | Snake:4  | Killed Piuleypsy's ghost
 38299 | Snake:4  | Killed Weto's ghost
 38400 | Snake:4  | Killed Mohesij's ghost
 38959 | Snake:4  | Reached XP level 15. HP: 99/134 MP: 18/35
 38983 | Snake:4  | Got a coiled copper ring
 38984 | Snake:4  | Identified the cursed ring of Democracy {rPois rN++ Str-3} (You found it on level 4 of the Snake Pit)
 39003 | Snake:4  | Got a pair of twisted gloves
 39004 | Snake:4  | Identified the +1 pair of gloves "Gidd" {rPois rC- Int+4} (You found it on level 4 of the Snake Pit)
 40150 | Snake:4  | Noticed a nagaraja
 40157 | Snake:4  | Killed a nagaraja
 40187 | Snake:4  | Killed biddum's ghost
 40941 | Snake:4  | Noticed a nagaraja
 40961 | Snake:4  | Killed a nagaraja
 41371 | Snake:4  | Noticed a nagaraja
 41391 | Snake:4  | Killed a nagaraja
 42179 | Snake:4  | Reached skill level 6 in Armour
 42305 | Snake:4  | Noticed a nagaraja
 43087 | Snake:4  | Noticed a nagaraja
 43434 | Snake:4  | Killed a nagaraja
 43630 | Snake:4  | Killed a nagaraja
 43721 | Snake:4  | Got a serpentine rune of Zot
 43883 | Snake:1  | Identified a scroll of acquirement
 43884 | Snake:1  | Got an ancient bronze ring
 43885 | Snake:1  | Identified the ring of Wishful Thinking {+Fly rPois rF+++ Str-2 Int+4} (You acquired it on level 1 of the Snake Pit)
 43936 | Swamp:1  | Entered Level 1 of the Swamp
 44816 | Swamp:1  | Reached skill level 12 in Spellcasting
 45059 | Swamp:1  | Noticed a tentacled monstrosity
 45082 | Swamp:1  | Killed a tentacled monstrosity
 47898 | Swamp:4  | Entered Level 4 of the Swamp
 50944 | Swamp:4  | HP: 2/139 [six-headed hydra (6)]
 50944 | Swamp:4  | Mangled by a six-headed hydra

Skill      XL: |  1  2  3  4  5  6  7  8  9 10 11 12 13 14 15 |
---------------+----------------------------------------------+-----
Spellcasting   | 2 3 4 5 7 8 10 11 12 | 12.3
Fighting       | 1 2 3 4 5 7 8 9 10 12 13 14 | 14.9
Summonings     | 4 5 6 7 8 9 12 13 14 | 14.2
Air Magic      | 2 3 4 5 |  5.0
Ice Magic      | 1 2 |  2.7
Shields        | 4 |  4.0
Dodging        | 2 6 9 |  9.3
Armour         | 4 7 |  7.4
Stealth        | |  1.7

Action                   |  1- 3 |  4- 6 |  7- 9 | 10-12 | 13-15 || total
-------------------------+-------+-------+-------+-------+-------++-------
Melee: Short sword       |    46 |   102 |    58 |    16 |       ||   222
       Rapier            |       |    54 |   175 |       |       ||   229
       Spear             |       |       |       |   663 |  1212 ||  1875
Throw: Throwing net      |       |       |       |       |     2 ||     2
 Cast: Summon Small Mamm |    43 |     4 |       |     2 |       ||    49
       Call Imp          |    12 |    22 |    16 |     1 |       ||    51
       Call Canine Famil |     4 |    51 |    42 |    79 |    49 ||   225
       Summon Lightning  |       |     3 |    34 |    49 |    49 ||   135
       Summon Ice Beast  |       |       |       |   161 |   166 ||   327
       Summon Demon      |       |       |       |       |   305 ||   305
       Shadow Creatures  |       |       |       |       |    20 ||    20
       Aura of Abjuratio |       |       |       |       |    13 ||    13
Evoke: Wand              |       |       |       |       |     4 ||     4
  Use: Scroll            |       |     7 |     5 |     6 |    24 ||    42
       Potion            |       |       |       |       |     4 ||     4
 Stab: Sleeping          |     1 |     2 |     3 |     4 |     6 ||    16
       Distracted        |       |     2 |     4 |    21 |    44 ||    71
       Petrified         |       |       |       |     3 |       ||     3
       Confused          |       |       |       |       |     3 ||     3
       Paralysed         |       |       |       |       |     1 ||     1
  Eat: Chunk             |     4 |    17 |    14 |    37 |    41 ||   113
       Ration            |       |     1 |     3 |     4 |    23 ||    31
Armor: Robe              |    13 |    83 |   152 |   314 |   294 ||   856
       Ring mail         |       |       |       |       |   140 ||   140
Dodge: Dodged            |    50 |   130 |   183 |   594 |  1102 ||  2059
Block: Buckler           |       |       |       |       |   392 ||   392
